 Dungeon Crawl Stone Soup version 0.26-a0-190-g75a3d40d47 (webtiles) character file.

Game seed: 15634268412031638629

690 Apogee the Cutter (level 7, -1/32 HPs)
             Began as a Spriggan Enchanter on July 4, 2020.
             Killed from afar by an orc wizard (10 damage)
             ... with a magic dart
             ... on level 4 of the Dungeon.
             The game lasted 00:16:09 (5130 turns).

Apogee the Cutter (Spriggan Enchanter)              Turns: 5130, Time: 00:16:09

Health: -1/32      AC:  2    Str:  4    XL:     7   Next: 36%
Magic:  0/12       EV: 18    Int: 19    God:
Gold:   48         SH:  0    Dex: 16    Spells: 1/11 levels left

rFire    + . .     SeeInvis +   a - +1 dagger
rCold    x . .     Faith    .   (shield restricted)
rNeg     . . .     Spirit   .   b - +0 robe
rPois    .         Reflect  .   (helmet restricted)
rElec    .         Harm     .   (no cloak)
rCorr    .                      (gloves unavailable)
MR       +....                  (boots unavailable)
Stlth    +++.......             (no amulet)
HPRegen  0.10/turn              f - ring of fire
MPRegen  0.13/turn              (no ring)

@: very slightly contaminated, very quick
A: very small, unfitting armour, see invisible, herbivore, speed 3, slow
metabolism 2
a: no special abilities


You were on level 4 of the Dungeon.
You were hungry.

You visited 1 branch of the dungeon, and saw 4 of its levels.

You collected 48 gold pieces.

Inventory:

Hand Weapons
 a - a +1 dagger (weapon)
 i - a cursed -1 dagger
 l - a +0 hunting sling of flaming
 o - a cursed -2 spear
 s - a +0 short sword of distortion
Missiles
 c - 106 stones (quivered)
 q - 18 poisoned darts
Armour
 b - a +0 robe (worn)
Jewellery
 f - a ring of fire (left hand)
 n - a cursed ring of teleportation {unknown}
 w - an uncursed ring of magical power {unknown}
Scrolls
 g - 4 scrolls of identify
 h - a scroll of remove curse {unknown}
 k - 2 scrolls of fear {unknown}
 m - a scroll of enchant armour {unknown}
 p - a scroll of noise {unknown}
 r - a scroll of teleportation {unknown}
 u - a scroll of enchant weapon {unknown}
Potions
 e - a potion of mutation
 j - a potion of degeneration {unknown}
 t - a potion of ambrosia {unknown}
 v - a potion of heal wounds {unknown}
 x - a potion of might {unknown}
Comestibles
 d - 3 rations


   Skills:
 + Level 7.3 Short Blades
 * Level 2.4 Throwing
 - Level 3.0 Dodging
 - Level 5.0 Stealth
 - Level 2.6 Spellcasting
 + Level 1.1 Conjurations
 - Level 3.6 Hexes
 - Level 2.0 Ice Magic


You had one spell level left.
You knew the following spells:

 Your Spells              Type           Power        Failure   Level  Hunger
a - Ensorcelled Hibernat  Hex/Ice        ##....       8%          2    ##.....
b - Apportation           Tloc           #.....       16%         1    None
c - Confusing Touch       Hex            ###.....     11%         3    ###....
d - Dazzling Flash        Conj/Hex       ##....       19%         3    ###....
v - Corona                Hex            ###....      3%          1    None

Your spell library contained the following spells:

 Spells                   Type           Power        Failure   Level  Hunger
 Animate Skeleton         Necr           N/A          16%         1    None
 Summon Small Mammal      Summ           #...         16%         1    None
 Tukima's Dance           Hex            ###.....     11%         3    ###....
 Gell's Gravitas          Tloc           #.........   43%         3    ###....
 Metabolic Englaciation   Hex/Ice        ##........   80%         5    ######.
 Petrify                  Tmut/Erth      #.......     83%         4    ####...
 Yara's Violent Unravell  Hex/Tmut       #.........   91%         5    ######.


Dungeon Overview and Level Annotations

Branches:
Dungeon (4/15)
 Temple: D:4-7

Altars:
Wu Jian


Innate Abilities, Weirdness & Mutations

You are very small and have problems with some larger weapons.
You are too small for most types of armour.
You have supernaturally acute eyesight. (SInv)
You are a herbivore.
You cover ground extremely quickly.
You need to consume almost no food.


Message History

The orc wizard misses you.
You closely miss the orc wizard.
The orc wizard is moderately wounded.
You hit the orc wizard.
The orc wizard is moderately wounded.
The orc wizard completely misses you.
Casting: Corona (safe; 3% risk of failure)
Confirm with . or Enter, or press ? or * to list all spells.
Aiming: Corona (safe; 3% risk of failure)
Press: ? - help, Shift-Dir - straight line, f/p - orc wizard
Aim: an orc wizard, wielding a +0 dagger and wearing a +0 robe (moderately wounded, chance to defeat MR: 53%)
The orc wizard is outlined in light.
The orc wizard gestures at you while chanting.
The magic dart hits you.
* * * LOW HITPOINT WARNING * * *
You hit the orc wizard.
The orc wizard is heavily wounded.
The orc wizard gestures at you while chanting.
The magic dart hits you!
You die...

#####################
#...................#
#...................#
#........)@.).......#
#.###..####o######..#
#####..#..........###
#..'...#..........#
#..#...#.†........#
#..#...#..........#
###########..........###
#....#....).o.######...#
.
#....#........#.......##


You could see an orc wizard (corona).

Vanquished Creatures
  Sigmund (D:3)
  An ogre (D:4)
  A sky beast (D:4)
  5 orc priests
  Robin (D:2)
  3 adders
  6 gnolls (D:3)
  3 worms (D:2)
  4 leopard geckos
  11 orcs
  2 ball pythons
  5 giant cockroaches
  16 goblins
  2 hobgoblins (D:2)
  4 jackals (D:1)
  7 kobolds
  A quokka (D:3)
  9 bats
  5 frilled lizards
  5 rats
92 creatures vanquished.

Notes
Turn   | Place    | Note
-------+----------+-------------------------------------------
     0 | D:1      | Apogee the Spriggan Enchanter began the quest for the Orb.
     0 | D:1      | Reached XP level 1. HP: 9/9 MP: 5/5
   503 | D:1      | Reached XP level 2. HP: 12/13 MP: 4/6
   523 | D:1      | Reached skill level 5 in Stealth
   527 | D:1      | Learned a level 2 spell: Ensorcelled Hibernation
   550 | D:1      | Reached skill level 2 in Short Blades
  1512 | D:2      | Reached XP level 3. HP: 16/16 MP: 8/8
  1557 | D:2      | Reached skill level 3 in Short Blades
  2251 | D:2      | Noticed Robin
  2337 | D:2      | Killed Robin
  2337 | D:2      | Reached skill level 1 in Ice Magic
  2855 | D:2      | Reached XP level 4. HP: 21/21 MP: 9/9
  3106 | D:3      | Reached skill level 4 in Short Blades
  3108 | D:3      | Reached XP level 5. HP: 24/24 MP: 10/10
  3116 | D:3      | Learned a level 1 spell: Apportation
  3213 | D:3      | Noticed Sigmund
  4009 | D:3      | Reached skill level 5 in Short Blades
  4034 | D:3      | Killed Sigmund
  4034 | D:3      | Reached skill level 6 in Short Blades
  4034 | D:3      | Reached XP level 6. HP: 27/28 MP: 8/11
  4080 | D:3      | Learned a level 3 spell: Confusing Touch
  4084 | D:3      | Learned a level 3 spell: Dazzling Flash
  4826 | D:4      | Found an ornate altar of the Wu Jian Council.
  4936 | D:4      | Noticed a sky beast
  4948 | D:4      | Killed a sky beast
  4948 | D:4      | Reached skill level 7 in Short Blades
  4948 | D:4      | Reached skill level 1 in Throwing
  4948 | D:4      | Reached XP level 7. HP: 32/32 MP: 9/12
  5022 | D:4      | Reached skill level 1 in Conjurations
  5130 | D:4      | Killed from afar by an orc wizard

Illustrated notes

Levels and vault maps discovered:
D:1:      dpeg_arrival_castle, layout_basic, minmay_cupped
D:2:      layout_loops_cross, first_ration, uniq_robin
D:3:      layout_basic, uniq_sigmund
D:4:      layout_gridville, kennysheep_mini, minitemple

Skill      XL: |  1  2  3  4  5  6  7 |
---------------+----------------------+-----
Stealth        | 5 |  5.0
Short Blades   | 2 3 4 6 7 |  7.3
Ice Magic      | 1 2 |  2.0
Throwing       | 1 2 |  2.4
Conjurations   | 1 |  1.1
Dodging        | |  3.0
Spellcasting   | |  2.6
Hexes          | |  3.6

Action                   |  1- 3 |  4- 6 |  7- 9 || total
-------------------------+-------+-------+-------++-------
Melee: Dagger            |   184 |   114 |    29 ||   327
Throw: Stone             |     1 |       |     1 ||     2
       Dart              |       |    17 |       ||    17
 Cast: Corona            |    32 |     4 |     5 ||    41
       Ensorcelled Hiber |     8 |    23 |     7 ||    38
       Apportation       |       |     3 |       ||     3
  Use: Scroll            |     1 |       |       ||     1
 Stab: Sleeping          |    14 |    26 |     3 ||    43
  Eat: Ration            |       |     2 |       ||     2
Armor: Robe              |    14 |    12 |     2 ||    28
Dodge: Dodged            |   156 |    77 |    17 ||   250

Table legend:
 A = Non-vault XP
 B = Vault XP
 C = Vault XP percentage of total XP
 D = Non-vault monster count
 E = Vault monster count
 F = Vault count percentage of total count
                 A         B        C        D         E       F
            +---------+---------+-------+---------+---------+-------
      Total |     718 |     269 |  27.3 |      75 |      17 |  18.5
            +---------+---------+-------+---------+---------+-------
        D:1 |      34 |       5 |  12.8 |      19 |       3 |  13.6
        D:2 |      48 |      37 |  43.5 |      15 |      13 |  46.4
        D:3 |     274 |     227 |  45.3 |      30 |       1 |   3.2
        D:4 |     362 |       0 |   0.0 |      11 |       0 |   0.0
            +---------+---------+-------+---------+---------+-------
